 Dungeon Crawl Stone Soup version 0.28-a0-1356-g2ad6d04315 (webtiles) character file.

Game seed: 7564197892882369745

143 ryw the Chopper (level 4, -17/38 HPs)
             Began as a Demigod Fighter on Dec 31, 2021.
             Demolished by an orc wizard (18 damage)
             ... on level 4 of the Dungeon.
             The game lasted 00:02:45 (3029 turns).

ryw the Chopper (Demigod Fighter)                   Turns: 3029, Time: 00:02:45

Health: -17/38     AC:  7    Str: 21    XL:     4   Next: 76%
Magic:  6/6        EV:  9    Int: 10    God:
Gold:   129        SH:  0    Dex: 13    Spells: 3/3 levels left

rFire   . . .      SeeInvis .   a - +1 war axe
rCold   . . .      Faith    .   c - +0 buckler
rNeg    . . .      Spirit   .   b - +0 scale mail
rPois   .          Reflect  .   (no helmet)
rElec   .          Harm     .   (no cloak)
rCorr   .          Rampage  .   l - +0 pair of gloves
Will    .....                   (no boots)
Stlth   ..........              (no amulet)
HPRegen 0.12/turn               (no ring)
MPRegen 0.10/turn               (no ring)

@: confused
A: high mp 1, forlorn, divine attributes
a: no special abilities


You were on level 4 of the Dungeon.
You visited 1 branch of the dungeon, and saw 4 of its levels.

You collected 129 gold pieces.

Inventory:

Hand Weapons
 a - a +1 war axe (weapon)
Armour
 b - a +0 scale mail (worn)
 c - a +0 buckler (worn)
 l - a +0 pair of gloves (worn)
 m - an orb of mayhem
Scrolls
 e - a scroll of holy word {unknown}
 f - 2 scrolls of teleportation {unknown}
 j - a scroll of vulnerability {unknown}
 k - 2 scrolls of identify {unknown}
Potions
 d - a potion of might
 g - a potion of flight {unknown}
 h - a potion of attraction {unknown}
 i - a potion of degeneration {unknown}
 n - a potion of brilliance {unknown}


   Skills:
 + Level 3.5 Fighting
 * Level 4.0 Axes
 - Level 2.6 Armour
 + Level 0.6 Dodging
 - Level 2.6 Shields


You had 3 spell levels left.
You didn't know any spells.
Your spell library contained the following spells:

 Spells                   Type           Power      Damage    Failure   Level
 Scorch                   Fire           0%         2d5       88%         2
 Flame Wave               Conj/Fire      0%         2d4       100%        4
 Summon Cactus Giant      Summ           0%         N/A       100%        6


Dungeon Overview and Level Annotations

Branches:
Dungeon (4/15)
 Temple: D:4-7

Shops:
D:2 (


Innate Abilities, Weirdness & Mutations

You have an increased reservoir of magic. (+10% MP)
You shall have no god before yourself.
Your divine heritage dramatically boosts your attributes as you level up.


Message History

No target in view!
No target in view!
You climb downwards.
You block the orc priest's attack.
There is a stone staircase leading up here.
You closely miss the orc priest.
The orc priest looks encouraged for a moment.
You hit the orc wizard but do no damage.
You hit the orc priest.
The orc wizard casts a spell.
The orc wizard flickers and vanishes!
Deactivating autopickup; reactivate with Ctrl-A.
The orc priest hits you with a +0 hand axe.
The orc priest looks braver for a moment.
You hear some strange, mumbled words.
Something tries to affect you, but you resist.
You miss something. You closely miss the orc priest.
Something hits you but does no damage. The orc priest barely misses you.
You closely miss something. You slash the orc priest! Something hits you.
You are electrocuted!
The orc priest begins to cast a cantrip, but forgets the words!
Unknown command.
You hit something.
You hit the orc priest but do no damage.
Something hits you but does no damage.
The orc priest hits you with a +0 hand axe.
You hear some strange, mumbled words.
You are confused.
The orc priest mumbles some strange prayers to Beogh against you.
Beogh smites you!
* * * LOW HITPOINT WARNING * * *
You miss something. You closely miss the orc priest.
Something hits you but does no damage.
You are electrocuted!
* * * LOW HITPOINT WARNING * * *
The orc priest hits you but does no damage.
Unknown command.
You completely miss something. You closely miss the orc priest.
Something hits you.
* * * LOW HITPOINT WARNING * * *
You are electrocuted!!
You die...

# ##...........#
#### ##............#
...###............(#
.#.................#
.####.............##
.# ###...........#
## ####.......##
##......## ##...{@.#
#...o..# ##.....#
#.....# ........#
###.....## ##...##
#####


You could see an orc priest.

Vanquished Creatures
  A water moccasin skeleton (D:3)
  3 adders (D:2)
  An adder skeleton (D:3)
  A worm (D:2)
  6 ball pythons
  5 bats (D:2)
  6 endoplasms
  3 giant cockroaches
  2 hobgoblins
  7 jackals
  5 kobolds
  2 quokkas (D:2)
  A ball python zombie (D:3)
  2 frilled lizards
  8 goblins
  A quokka skeleton (D:3)
  A quokka zombie (D:3)
  6 rats
61 creatures vanquished.

Vanquished Creatures (others)
  A withered plant (D:3)
1 creature vanquished.

Grand Total: 62 creatures vanquished

Notes
Turn   | Place    | Note
-------+----------+-------------------------------------------
     0 | D:1      | ryw the Demigod Fighter began the quest for the Orb.
     0 | D:1      | Reached XP level 1. HP: 18/18 MP: 3/3
   124 | D:1      | Reached skill level 2 in Axes
   229 | D:1      | Reached XP level 2. HP: 23/26 MP: 4/4
   916 | D:2      | Reached XP level 3. HP: 24/31 MP: 5/5
  1193 | D:2      | Reached skill level 3 in Axes
  1519 | D:2      | Found Unayp's Antique Weapon Emporium.
  2077 | D:3      | Reached XP level 4. HP: 38/38 MP: 6/6
  2390 | D:3      | Reached skill level 4 in Axes
  3029 | D:4      | HP: 1/38 [something (1)]
  3029 | D:4      | Demolished by an orc wizard

Illustrated notes

Levels and vault maps discovered:
D:1:      psy_arrival_radial01, layout_rooms
D:2:      minmay_chambers_of_ones, layout_basic,
          hellmonk_ecumenical_altar_slurped_away, serial_shops, shop,
          basic_altar, nrook_mini_vaults
D:3:      layout_loops_ring, serial_undead, serial_undead_b, serial_undead_d,
          serial_undead_c, serial_undead_e, palyth_stone_intersect,
          minivault_27, minmay_misc_feat_pillars
D:4:      layout_cave_pods

Skill      XL: |  1  2  3  4 |
---------------+-------------+-----
Fighting       | 3 |  3.5
Axes           | 2 3 4 |  4.0
Armour         | |  2.6
Dodging        | |  0.6
Shields        | |  2.6

Action                   |  1- 3 |  4- 6 || total
-------------------------+-------+-------++-------
Melee: War axe           |   121 |    46 ||   167
  Use: Scroll            |     2 |       ||     2
Armor: Scale mail        |    65 |    22 ||    87
Dodge: Dodged            |    46 |    11 ||    57
Block: Buckler           |    33 |    14 ||    47

Table legend: (Time is in decaauts)
 A = Elapsed time spent in this place.
 B = Non-inter-level travel time spent in this place.
 C = Inter-level travel time spent in this place.
 D = Time resting spent in this place.
 E = Time spent auto-exploring this place.
 F = Levels seen in this place.
 G = Mean time per level.
                   A        B        C        D        E       F      G
               +--------+--------+--------+--------+--------+-----+--------+
         Total |   3094 |   2984 |    110 |    297 |   2228 |   4 |  773.5 |
       Dungeon |   3094 |   2984 |    110 |    297 |   2228 |   4 |  773.5 |
               +--------+--------+--------+--------+--------+-----+--------+

Top non-repeatable levels by time:
     D:2: 1100 daAuts
     D:3: 1041 daAuts
     D:1: 889 daAuts
     D:4: 62 daAuts
